 Dungeon Crawl Stone Soup version 0.28.0-45-g0d030f2227 (webtiles) character file.

Game seed: 12290263871887603763

2223 nickcage the Arsonist (level 9, -5/45 HPs)
             Began as a Deep Elf Fire Elementalist on Apr 13, 2022.
             Slain by a two-headed ogre
             ... wielding a +0 giant club
              (25 damage)
             ... on level 8 of the Dungeon.
             The game lasted 00:31:45 (9071 turns).

nickcage the Arsonist (Deep Elf Fire Elementalist)  Turns: 9071, Time: 00:31:47

Health: -5/45      AC:  4    Str:  7    XL:     9   Next: 13%
Magic:  23/23      EV: 16    Int: 29    God:
Gold:   311        SH:  0    Dex: 15    Spells: 12/24 levels left

rFire   . . .      SeeInvis .   p - +1 trident (vorpal)
rCold   + . .      Faith    +   (no shield)
rNeg    . . .      Spirit   .   a - +0 robe
rPois   .          Reflect  .   (no helmet)
rElec   .          Harm     .   F - +0 cloak
rCorr   .          Rampage  .   n - +0 pair of gloves
Will    .....                   (no boots)
Stlth   ++........              d - amulet of Past Mistakes {Faith Regen+ Str+2 Int+4}
HPRegen 0.95/turn               f - +4 ring of evasion
MPRegen 0.18/turn               w - ring of protection from cold

@: no status effects
A: no striking features
a: no special abilities


You were on level 8 of the Dungeon.
You visited 2 branches of the dungeon, and saw 9 of its levels.

You collected 311 gold pieces.

Inventory:

Hand Weapons
 b - a +0 mace
 p - a +1 vorpal trident (weapon)
Missiles
 k - 2 throwing nets
Armour
 a - a +0 robe (worn)
 n - a +0 pair of gloves (worn)
 F - a +0 cloak (worn)
Magical Staves
 E - a staff of air
 H - a staff of cold
Jewellery
 d - the amulet of Past Mistakes (around neck) {Faith Regen+ Str+2 Int+4}
   (You acquired it on level 6 of the Dungeon)

   [amulet of faith]

   It allows you to gain divine favour quickly.
   Str:       It affects your strength (+2).
   Int:       It affects your intelligence (+4).
   Regen:     It increases your rate of health regeneration.
 f - a +4 ring of evasion (left hand)
 w - a ring of protection from cold (right hand)
 B - a +6 ring of strength
 D - a +4 ring of protection
 I - a +4 ring of protection
Wands
 g - a wand of mindburst (18)
 m - a wand of flame (28)
 u - a wand of iceblast (24)
Scrolls
 e - a scroll of immolation
 i - a scroll of enchant armour {unknown}
 j - a scroll of fear {unknown}
 l - a scroll of enchant weapon {unknown}
 q - a scroll of brand weapon {unknown}
 v - a scroll of blinking {unknown}
 y - 2 scrolls of teleportation {unknown}
 G - a scroll of summoning {unknown}
Potions
 c - a potion of curing
 h - a potion of brilliance {unknown}
 o - a potion of berserk rage
 r - a potion of attraction
 s - 5 potions of might
 t - 2 potions of heal wounds
 x - 2 potions of invisibility {unknown}
 z - a potion of resistance {unknown}
 A - 2 potions of degeneration {unknown}
 C - a potion of flight {unknown}


   Skills:
 - Level 2.4 Dodging
 - Level 2.4 Stealth
 - Level 8.0 Spellcasting
 * Level 3.6 Conjurations
 - Level 2.0 Translocations
 * Level 11.4 Fire Magic


You had 12 spell levels left.
You knew the following spells:

 Your Spells              Type           Power      Damage    Failure   Level
a - Foxfire               Conj/Fire      100%       2x1d9     1%          1
b - Scorch                Fire           100%       2d10      1%          2
c - Conjure Flame         Conj/Fire      53%        6-21      1%          3
d - Flame Wave            Conj/Fire      53%        2d11      1%          4
e - Blink                 Tloc           46%        N/A       3%          2

Your spell library contained the following spells:

 Spells                   Type           Power      Damage    Failure   Level
 Inner Flame              Hex/Fire       44%        N/A       1%          3
 Lesser Beckoning         Tloc           23%        N/A       6%          3
 Portal Projectile        Hex/Tloc       34%        N/A       9%          3
 Call Canine Familiar     Summ           11%        N/A       14%         3
 Leda's Liquefaction      Hex/Erth       5%         N/A       41%         4
 Manifold Assault         Tloc           23%        N/A       50%         5


Dungeon Overview and Level Annotations

Branches:
Dungeon (8/15)             Temple (1/1) D:7
   Lair: D:8-11

Altars:
Ashenzari
Cheibriados
Dithmenos
Elyvilon
Fedhas
Gozag
Hepliaklqana
Makhleb
Nemelex Xobeh
Okawaru
Qazlal
Trog
Uskayaw
Wu Jian
Xom
Yredelemnul
Zin
The Shining One

Shops:
D:4 =

Annotations:
D:6 2 transporters, zeratav's ghost, novice GrEE


Message History

There is an open door here.
There is a stone staircase leading down here.
You climb downwards.
Found a rapier.
There is a stone staircase leading up here.
A centaur is nearby!
Flames lash the centaur.
The centaur is moderately wounded.
The centaur's fire resistance burns away.
You hear a croak.
The centaur wields a +0 shortbow.
The centaur shoots an arrow.
The arrow misses you.
Flames lash the centaur.
The centaur is burned terribly!
You kill the centaur!
A bullfrog comes into view.
There is a stone staircase leading up here.
Flames lash the bullfrog.
The bullfrog is heavily wounded.
The bullfrog's fire resistance burns away.
You hear two shouts!
Flames lash the bullfrog.
The bullfrog is burned terribly!
You kill the bullfrog!
You start resting.
A two-headed ogre comes into view.
It is wielding a +0 giant club and a +0 giant spiked club.
You climb upwards.
There is a stone staircase leading down here.
Welcome back, nickcage the Deep Elf Fire Elementalist.
Press ? for a list of commands and other information.
Magic restored.
Done exploring.
Done exploring.
(D) Dungeon (T) Temple
Where to? (? - help)
You climb downwards.
The two-headed ogre hits you with a +0 giant club!
The two-headed ogre completely misses you.
The two-headed ogre hits you with a +0 giant club!!
The two-headed ogre hits you with a +0 giant spiked club!!
Ouch! That really hurt!
You die...

..... .....##
......# .......
##.......
##........
#O........
.#####@.....)#
.............##
.......†....##
#...##..........
#.. ##..(......
.. .......... .
...........
...........
...........#


You could see a two-headed ogre.

Vanquished Creatures
  Grinder (D:4)
  A steam dragon (D:7)
  An acid dragon (D:7)
  Duvessa (D:7)
  2 ogres (D:4)
  2 centaurs
  2 phantoms
  2 bullfrogs
  A scorpion (D:4)
  Dowan (D:7)
  2 water moccasin skeletons
  A crimson imp (D:7)
  A centaur zombie (D:5)
  2 hounds
  A centaur skeleton (D:4)
  4 orc priests
  Crazy Yiuf (D:6)
  A bullfrog skeleton (D:5)
  A jelly (D:6)
  4 iguanas
  Natasha (thrice) (D:3)
  3 orc wizards
  A killer bee zombie (D:7)
  A gnoll (D:4)
  A howler monkey skeleton (D:5)
  7 adders
  A white imp (D:7)
  2 ufetubi
  3 dart slugs
  18 orcs
  15 ball pythons
  14 endoplasms
  4 giant cockroaches
  8 goblins
  9 hobgoblins
  13 jackals
  5 quokkas
  6 bats
  4 frilled lizards
  8 kobolds
  7 rats
165 creatures vanquished.

Vanquished Creatures (others)
  2 orcs (D:7)
  35 foxfires
37 creatures vanquished.

Grand Total: 202 creatures vanquished

Notes
Turn   | Place    | Note
-------+----------+-------------------------------------------
     0 | D:1      | nickcage the Deep Elf Fire Elementalist began the quest for
                  | the Orb.
     0 | D:1      | Reached XP level 1. HP: 10/10 MP: 6/6
   388 | D:1      | Reached XP level 2. HP: 10/15 MP: 4/8
   390 | D:1      | Reached skill level 4 in Fire Magic
   572 | D:1      | Learned a level 2 spell: Scorch
   818 | D:1      | Reached XP level 3. HP: 19/19 MP: 6/9
   850 | D:1      | Found a faded altar of an unknown god.
  1531 | D:1      | Learned a level 3 spell: Conjure Flame
  1579 | D:2      | Noticed a phantom
  1582 | D:2      | Reached skill level 5 in Fire Magic
  1608 | D:1      | Reached XP level 4. HP: 23/24 MP: 0/10
  1692 | D:2      | Killed a phantom
  1693 | D:2      | Reached skill level 6 in Fire Magic
  1693 | D:2      | Reached XP level 5. HP: 12/28 MP: 4/11
  3033 | D:3      | Noticed Natasha
  3037 | D:3      | Killed Natasha
  3137 | D:3      | Noticed Natasha
  3142 | D:3      | Killed Natasha
  3207 | D:3      | Noticed Natasha
  3210 | D:3      | Killed Natasha
  3217 | D:3      | Reached XP level 6. HP: 32/32 MP: 7/13
  3307 | D:3      | Found a glowing silver altar of Zin.
  3626 | D:3      | Learned a level 4 spell: Flame Wave
  3629 | D:3      | Learned a level 2 spell: Blink
  3655 | D:4      | Found Yrchomeiz's Jewellery Boutique.
  3810 | D:4      | Reached skill level 1 in Translocations
  3850 | D:4      | Reached skill level 5 in Spellcasting
  4195 | D:4      | Found a broken altar of Ashenzari.
  4271 | D:4      | Reached skill level 7 in Fire Magic
  4271 | D:4      | Reached XP level 7. HP: 36/36 MP: 10/17
  4589 | D:4      | Noticed Grinder
  4599 | D:4      | Killed Grinder
  4763 | D:4      | Reached skill level 8 in Fire Magic
  5042 | D:4      | Reached XP level 8. HP: 41/41 MP: 15/20
  5457 | D:5      | Entered Level 5 of the Dungeon
  5886 | D:5      | Reached skill level 9 in Fire Magic
  6120 | D:5      | Found a white marble altar of Elyvilon.
  6531 | D:6      | Found a runed translucent door.
  6532 | D:6      | Noticed Crazy Yiuf
  6572 | D:6      | Killed Crazy Yiuf
  6758 | D:6      | Noticed a seven-headed hydra
  6837 | D:6      | Identified a scroll of acquirement
  6837 | D:6      | Acquired the amulet of Past Mistakes {Faith Regen+ Str+2
                  | Int+4}
  7176 | D:6      | Found a hazy altar of Hepliaklqana.
  7176 | D:6      | Found a hide-covered altar of Uskayaw.
  7183 | D:6      | Found a faded altar of an unknown god.
  7185 | D:6      | Found a faded altar of an unknown god.
  7187 | D:6      | Found a snail-covered altar of Cheibriados.
  7347 | D:6      | Noticed zeratav's ghost (novice GrEE)
  7385 | D:6      | Found a transporter.
  7421 | D:6      | Found a transporter.
  7845 | D:7      | Reached skill level 10 in Fire Magic
  7882 | D:7      | Found a stormy altar of Qazlal.
  8094 | D:7      | Found an opulent altar of Gozag.
  8120 | D:7      | Noticed Dowan
  8146 | D:7      | Killed Dowan
  8286 | D:7      | Found a staircase to the Ecumenical Temple.
  8295 | Temple   | Entered the Ecumenical Temple
  8421 | D:7      | Found a glowing golden altar of the Shining One.
  8873 | D:7      | Reached XP level 9. HP: 45/45 MP: 23/23
  8904 | D:7      | Noticed Duvessa
  8911 | D:7      | Killed Duvessa
  8912 | D:7      | Reached skill level 11 in Fire Magic
  9037 | D:8      | Noticed a two-headed ogre
  9071 | D:8      | Slain by a two-headed ogre

Illustrated notes

Levels and vault maps discovered:
D:1:      lightli_arrival_flooded_house, layout_basic,
          dreamdust_ecumenical_altar_statues
D:2:      layout_loops_ring
D:3:      layout_loops_ring, lemuel_round_altar, kennysheep_generic_room_11,
          uniq_natasha
D:4:      minmay_bubble_buster, layout_basic, cheibrodos_ashenzari_chains,
          serial_shops, nicolae_stop_n_shop_1, hex_large, st_stairs_3,
          uniq_grinder
D:5:      layout_basic, elyvilon_altar_5, solitary_fountain,
          nrook_mini_backslash
D:6:      layout_basic, chequers_temple_overflow_minitemple,
          gammafunk_ghost_stat_death, minmay_small_thing,
          uniq_crazy_yiuf_cottage
D:7:      layout_basic, nicolae_qazlal_general_emergency,
          grunt_gozag_breadcrumbs, tso_altar, minmay_temple_entry_sparse_star,
          minmay_fire_ice_demons, uniq_duvessa
D:8:      layout_cave_pools, palyth_temple_overflow_mages
Temple:   dpeg_three_leaves_temple

Skill      XL: |  1  2  3  4  5  6  7  8  9 |
---------------+----------------------------+-----
Fire Magic     | 4 5 6 7 8 10 11 | 11.4
Conjurations   | 2 3 |  3.6
Spellcasting   | 5 7 8 |  8.0
Translocations | 2 |  2.0
Dodging        | |  2.4
Stealth        | |  2.4

Action                   |  1- 3 |  4- 6 |  7- 9 || total
-------------------------+-------+-------+-------++-------
Melee: Mace              |    14 |       |       ||    14
       Trident           |       |       |    30 ||    30
       Punch             |       |       |     1 ||     1
 Cast: Foxfire           |    23 |       |       ||    23
       Scorch            |    30 |    83 |   114 ||   227
       Conjure Flame     |       |       |     5 ||     5
  Use: Scroll            |       |       |     8 ||     8
Armor: Robe              |     3 |     2 |     9 ||    14
Dodge: Dodged            |    29 |    13 |    54 ||    96
